 Dungeon Crawl Stone Soup version 0.20-a0-454-g2b43fbb (webtiles) character file.

602 HarleyQuinn the Changer (level 7, -8/51 HPs)
             Began as an Octopode Transmuter on Jan 8, 2017.
             Mangled by a wyvern skeleton (12 damage)
             ... on level 4 of the Dungeon.
             The game lasted 00:10:14 (4480 turns).

HarleyQuinn the Changer (Octopode Transmuter)       Turns: 4480, Time: 00:10:15

Health: -8/51      AC:  6    Str: 10    XL:     7   Next: 41%
Magic:  7/10       EV: 13    Int: 17    God:
Gold:   140        SH:  0    Dex: 14    Spells: 2/10 levels left

rFire  x . .     SeeInvis .       - Unarmed
rCold  + + +     Gourm    .     (shield currently unavailable)
rNeg   . . .     Faith    .     (helmet currently unavailable)
rPois  +         Spirit   .     j - amulet of regeneration
rElec  .         Reflect  .     n - +3 ring of evasion
rCorr  .         Harm     .     r - +2 ring of dexterity
MR     .....                    (no ring)
Stlth  +.........               (no ring)
                                (no ring)
                                (no ring)
                                (no ring)
                                (no ring)

@: ice-form
A: almost no armour, stealthy swim, amphibious, 8 rings, (constrict 8),
(camouflage 0), (gelatinous body 0)
a: End Transformation


You were on level 4 of the Dungeon.
You were hungry.
You were a creature of crystalline ice.
You visited 1 branch of the dungeon, and saw 4 of its levels.

You collected 140 gold pieces.

Inventory:

Hand Weapons
 m - a +0 dagger of flaming
Missiles
 a - 12 arrows
Jewellery
 j - an amulet of regeneration (around neck)
 n - a +3 ring of evasion (left front paw)
 r - a +2 ring of dexterity (right front paw)
Scrolls
 e - a scroll of enchant weapon {unknown}
 f - a scroll of noise {unknown}
 k - 3 scrolls of remove curse {unknown}
 l - a scroll of fog {unknown}
 q - a scroll of enchant armour {unknown}
 s - 2 scrolls of blinking {unknown}
 t - 3 scrolls of identify {unknown}
Potions
 c - a potion of flight {unknown}
 g - a potion of mutation {unknown}
 h - 2 potions of cancellation {unknown}
 i - 2 potions of curing
Books
 b - a book of Changes

   Spells                             Type                      Level
   a - Beastly Appendage              Transmutation                1
   b - Sticks to Snakes               Transmutation                2
   c - Spider Form                    Transmutation/Poison         3
   d - Ice Form                       Ice/Transmutation            4
   e - Blade Hands                    Transmutation                5
 d - a book of Minor Magic

   Spells                             Type                      Level
   a - Magic Dart                     Conjuration                  1
   b - Blink                          Translocation                2
   c - Call Imp                       Summoning                    2
   d - Repel Missiles                 Charms/Air                   2
   e - Slow                           Hexes                        2
   f - Conjure Flame                  Conjuration/Fire             3
   g - Mephitic Cloud                 Conjuration/Poison/Air       3
Comestibles
 o - a bread ration
 p - a meat ration
 u - 5 fruits


   Skills:
 - Level 1.0 Fighting
 - Level 2.0 Dodging
 - Level 3.0 Unarmed Combat
 - Level 2.0 Spellcasting
 + Level 6.1 Transmutations
 - Level 4.0 Ice Magic
 - Level 3.0 Poison Magic


You had 2 spell levels left.
You knew the following spells:

 Your Spells              Type           Power        Failure   Level  Hunger
a - Beastly Appendage     Tmut           ###...       1%          1    #......
b - Spider Form           Tmut/Pois      ###.......   10%         3    ###....
c - Ice Form              Ice/Tmut       ###.....     24%         4    #####..


Dungeon Overview and Level Annotations

Branches:
Dungeon (4/15)
 Temple: D:4-7

Altars:
Uskayaw


Innate Abilities, Weirdness & Mutations

You cannot wear most types of armour.
You are very stealthy in the water. (Stealth+)
You are amphibious.
You can wear up to eight rings at the same time.
((You can use your tentacles to constrict eight enemies at once.))
((Your skin changes colour to match your surroundings (Stealth+).))
((Your rubbery body absorbs attacks. (AC +1, EV +1)))


Message History

The wyvern skeleton is severely damaged.
The wyvern skeleton bites you but does no damage.
The wyvern skeleton barely misses you.
You hit the wyvern skeleton.
The wyvern skeleton is severely damaged.
The wyvern skeleton bites you.
* * * LOW HITPOINT WARNING * * *
You punch the wyvern skeleton!
The wyvern skeleton is almost destroyed.
The wyvern skeleton barely misses you.
You hit the wyvern skeleton but do no damage.
The wyvern skeleton is almost destroyed.
The wyvern skeleton bites you.
* * * LOW HITPOINT WARNING * * *
You barely miss the wyvern skeleton.
The wyvern skeleton is almost destroyed.
The wyvern skeleton bites you.
* * * LOW HITPOINT WARNING * * *
The wyvern skeleton bites you!
You die...

##.# #.##.....≈##
#..# ##.##....≈...
#.####.........≈.≈
##...........#.≈...
#.).##...#.#.#..≈##
###..###.###.#.#####
##............#.#
####....#..#######.#
#.....)Y..## #.#
#.#..#..Z..## ..# ..
#.#..!.(..# .#
...#.......#
..####.......# ...
##.....#... ..
........[. .
#..........
#.........#


You could see a wyvern skeleton.

Vanquished Creatures
  A phantom (D:3)
  A bullfrog (D:3)
  4 killer bees
  A hound (D:4)
  2 orc wizards (D:3)
  A worker ant (D:3)
  Robin (D:2)
  A gnoll (D:4)
  An adder (D:3)
  4 river rats (D:3)
  A worm (D:3)
  4 dart slugs
  4 leopard geckos
  8 orcs
  5 ball pythons
  5 giant cockroaches
  8 hobgoblins
  2 jackals (D:1)
  8 kobolds
  4 bats
  4 frilled lizards
  15 goblins
  8 rats
93 creatures vanquished.

Notes
Turn   | Place    | Note
-------+----------+-------------------------------------------
     0 | D:1      | HarleyQuinn the Octopode Transmuter began the quest for the Orb.
     0 | D:1      | Reached XP level 1. HP: 13/13 MP: 3/3
     2 | D:1      | Noticed a formicid
     2 | D:1      | Noticed a vine stalker
     4 | D:1      | Noticed a naga
     4 | D:1      | Noticed a merfolk
     6 | D:1      | Noticed an octopode
     6 | D:1      | Noticed a draconian
     8 | D:1      | Noticed a ghoul
     8 | D:1      | Noticed a tengu
    10 | D:1      | Noticed a vampire
    10 | D:1      | Noticed a dwarf
    12 | D:1      | Noticed an ogre
    12 | D:1      | Noticed a minotaur
    14 | D:1      | Noticed a gargoyle
    16 | D:1      | Noticed a human
    16 | D:1      | Noticed a felid
    18 | D:1      | Noticed an elf
    18 | D:1      | Noticed a troll
    20 | D:1      | Noticed a spriggan
    22 | D:1      | Noticed a halfling
    22 | D:1      | Noticed a centaur
    24 | D:1      | Noticed a demigod
    26 | D:1      | Noticed a demonspawn
    86 | D:1      | Reached XP level 2. HP: 6/18 MP: 3/5
   453 | D:1      | Reached skill level 3 in Transmutations
   943 | D:1      | Reached XP level 3. HP: 23/23 MP: 6/6
   948 | D:1      | Learned a level 3 spell: Spider Form
  1221 | D:2      | Reached skill level 1 in Poison Magic
  1414 | D:2      | Noticed Robin
  1898 | D:2      | Killed Robin
  1898 | D:2      | Reached XP level 4. HP: 15/28 MP: 4/7
  2314 | D:2      | Noticed a hand axe
  2326 | D:2      | Found a hide-covered altar of Uskayaw.
  2329 | D:2      | Noticed a hand axe
  2470 | D:2      | You fall through a shaft for 2 floors!
  2482 | D:3      | Noticed a bullfrog
  2488 | D:3      | Killed a bullfrog
  2488 | D:3      | Reached skill level 4 in Transmutations
  2488 | D:3      | Reached XP level 5. HP: 24/33 MP: 4/8
  3178 | D:3      | Noticed a phantom
  3203 | D:3      | Killed a phantom
  3203 | D:3      | Reached skill level 5 in Transmutations
  3203 | D:3      | Reached XP level 6. HP: 18/38 MP: 4/9
  3384 | D:3      | Reached skill level 6 in Transmutations
  3390 | D:3      | Learned a level 4 spell: Ice Form
  3593 | D:3      | Reached skill level 1 in Ice Magic
  3868 | D:4      | Reached XP level 7. HP: 39/43 MP: 6/10
  4480 | D:4      | Mangled by a wyvern skeleton

Vault maps used:
D:1:      kb_arrival_jail
D:2:      dancing_weapons_uskayaw, uniq_robin
D:3:      portal_sewer_entry_e
D:4:      serial_glass, glass_columns_a, glass_columns_b, serial_shops, shop,
          nicolae_ru_path_of_blood

Skill      XL: |  1  2  3  4  5  6  7 |
---------------+----------------------+-----
Transmutations | 3 4 5 6 |  6.1
Poison Magic   | 2 3 |  3.0
Ice Magic      | 2 4 |  4.0
Fighting       | |  1.0
Dodging        | |  2.0
Unarmed Combat | |  3.0
Spellcasting   | |  2.0

Action                   |  1- 3 |  4- 6 |  7- 9 || total
-------------------------+-------+-------+-------++-------
Melee: Unarmed           |    86 |   156 |    30 ||   272
       Constrict         |    15 |     9 |     1 ||    25
       Kick              |     6 |       |       ||     6
       Tentacles         |    10 |     2 |     1 ||    13
       Punch             |     1 |       |       ||     1
 Cast: Beastly Appendage |     1 |     1 |       ||     2
       Spider Form       |     3 |    23 |     2 ||    28
       Ice Form          |       |       |     1 ||     1
 Stab: Sleeping          |     1 |     4 |       ||     5
       Distracted        |     1 |       |       ||     1
  Eat: Chunk             |     1 |     7 |     2 ||    10
       Bread ration      |     1 |       |       ||     1
Armor: Skin              |     7 |    21 |     3 ||    31
Dodge: Dodged            |    68 |   154 |    26 ||   248
